 Dungeon Crawl Stone Soup version 0.30.1 (webtiles) character file.

Game seed: 10405509859663127357

25525 Cheops the Bludgeoner (level 12, -20/108 HPs)
             Began as a Minotaur Fighter on July 9, 2023.
             Was a Priest of Qazlal.
             Demolished by a minotaur
             ... wielding a +4 vampiric spear
              (23 damage)
             ... in a Gauntlet.
             The game lasted 00:35:33 (15008 turns).

Cheops the Bludgeoner (Minotaur Fighter)           Turns: 15008, Time: 00:35:34

Health: -20/108    AC: 22    Str: 31    XL:     12   Next: 90%
Magic:  18/18      EV:  9    Int:  5    God:    Qazlal [***...]
Gold:   1187       SH: 14    Dex: 11    Spells: 11/11 levels left

rFire   . . .        a - +0 morningstar (protect)
rCold   . . .        F - +0 buckler
rNeg    . . .        G - +3 chain mail {Will+}
rPois   +            (helmet restricted)
rElec   .            M - +0 cloak {rCorr}
rCorr   +            (no gloves)
SInv    .            (no boots)
Will    +....        y - amulet of reflection Stlth
                     O - +6 ring of strength
HPRegen 0.38/turn    I - ring of poison resistance
MPRegen 0.16/turn

%: no teleportation, reflection
@: mighty, under a protective aura, studying Ranged Weapons
A: horns 2, retaliatory headbutt
a: Renounce Religion, Upheaval, Elemental Force


You were in a Gauntlet.
You worshipped Qazlal.
Qazlal was most pleased with you.
You visited 1 branch of the dungeon, and saw 12 of its levels.
You also visited: Gauntlet.

You collected 1600 gold pieces.
You spent 413 gold pieces at shops.

Inventory:

Hand Weapons
 a - a +0 morningstar of protection (weapon)
 b - a +5 flail of holy wrath
 c - a +0 whip of freezing
 m - a +3 morningstar
 v - a +2 mace of venom
 L - a +4 flail
Armour
 p - a +0 cloak
 B - a +2 ring mail of fire resistance
 F - a +0 buckler (worn)
 G - a +3 chain mail of willpower (worn)
 H - a scarf of shadows
 K - a +0 leather armour of cold resistance
 M - a +0 cloak of preservation (worn)
 U - a +1 plate armour
Jewellery
 k - a ring of willpower
 q - the dreamshard necklace {*Dream Drain}
   (You found it in a Gauntlet)

   [amulet of nothing]

   *Dream:    It shatters if its wearer takes lethal or near-lethal damage,
   preventing the blow and releasing protective dreams that heal and fight for
   the wearer.
   Drain:     It drains your maximum health when unequipped.
 y - an amulet of reflection (around neck)
 I - a ring of poison resistance (right hand)
 N - a ring of willpower
 O - a +6 ring of strength (left hand)
 S - a ring of resist corrosion
 X - a +4 ring of protection
Wands
 r - a wand of quicksilver (16)
 w - a wand of flame (74)
 z - a wand of iceblast (5)
 Q - a wand of mindburst (35)
 R - a wand of charming (11)
Scrolls
 e - a scroll of summoning
 h - 2 scrolls of brand weapon {unknown}
 i - 4 scrolls of torment {unknown}
 j - 4 scrolls of blinking
 l - 5 scrolls of noise {unknown}
 o - 8 scrolls of teleportation
 u - 2 scrolls of amnesia {unknown}
 D - a scroll of fog {unknown}
 J - a scroll of fear
 W - 2 scrolls of poison {unknown}
Potions
 d - 4 potions of might
 f - 7 potions of curing
 g - a potion of magic {unknown}
 n - a potion of lignification {unknown}
 s - 2 potions of brilliance {unknown}
 t - a potion of mutation {unknown}
 x - a potion of heal wounds
 A - a potion of haste {unknown}
 C - 2 potions of ambrosia {unknown}
 E - a potion of berserk rage
 P - 3 potions of attraction {unknown}


   Skills:
 - Level 10.9 Fighting
 - Level 16.0 Maces & Flails
 - Level 8.2 Armour
 - Level 3.6 Shields
 + Level 10.2 Invocations
 - Level 9.0 Evocations


You had 11 spell levels left.
You didn't know any spells.
Your spell library contained the following spells:

 Spells                   Type           Power      Damage    Failure   Level
 Apportation              Tloc           0%         N/A       91%         1
 Necrotise                Necr           0%         1d4       91%         1
 Summon Small Mammal      Summ           0%         N/A       91%         1
 Lesser Beckoning         Tloc           0%         N/A       97%         2
 Call Canine Familiar     Summ           0%         N/A       99%         3
 Gell's Gravitas          Tloc           0%         N/A       99%         3
 Hailstorm                Conj/Ice       0%         3d3       99%         3
 Portal Projectile        Hex/Tloc       0%         N/A       99%         3
 Teleport Other           Tloc           0%         N/A       99%         3
 Ice Form                 Ice/Tmut       0%         N/A       100%        4
 Leda's Liquefaction      Hex/Erth       0%         N/A       100%        4
 Olgreb's Toxic Radiance  Pois           0%         N/A       100%        4
 Simulacrum               Ice/Necr       0%         N/A       100%        6
 Discord                  Hex            0%         N/A       100%        8
 Ignition                 Fire           0%         3d3       100%        8


Dungeon Overview and Level Annotations

Branches:
Dungeon (12/15)            Temple (0/1) D:6            Lair (0/5) D:11
    Orc (0/2) D:9         Gauntlet (1/1)

Altars:
Ashenzari
Cheibriados
Dithmenos
Elyvilon
Fedhas
Gozag
Hepliaklqana
Kikubaaqudgha
Nemelex Xobeh
Okawaru
Qazlal
Sif Muna
Trog
Uskayaw
The Shining One

Shops:
D:4 *   D:5 *   D:6 !   D:7 [   D:9 (   D:10 *

Annotations:
D:4 exclusion: orc wizard
D:7 3 runed translucent doors, GilGalad's ghost, novice DrVM
D:11 3 runed translucent doors Gauntlet 8 transporters


Innate Abilities, Weirdness & Mutations

You have a pair of horns on your head.
You reflexively headbutt those who attack you in melee.


Message History

The minotaur is moderately wounded.
You feel much better.
The minotaur is engulfed in freezing vapours.
The minotaur hits you with a +4 vampiric spear!!
* * * LOW HITPOINT WARNING * * *
The minotaur draws strength from your wounds!
You block the minotaur's attack.
You feel much better.
The minotaur is engulfed in freezing vapours.
You block the minotaur's attack.
The minotaur gores you but does no damage.
You feel very mighty all of a sudden.
The minotaur hits you with a +4 vampiric spear!!
* * * LOW HITPOINT WARNING * * *
The minotaur draws strength from your wounds!
The minotaur gores you.
* * * LOW HITPOINT WARNING * * *
You impale the minotaur!!
Your weapon exudes an aura of protection.
The minotaur is moderately wounded.
You block the minotaur's attack. x2
You hit the minotaur but do no damage.
The minotaur is moderately wounded.
The minotaur closely misses you. The minotaur gores you!
* * * LOW HITPOINT WARNING * * *
You feel much better.
The minotaur hits you with a +4 vampiric spear!!
* * * LOW HITPOINT WARNING * * *
The minotaur draws strength from your wounds!
The minotaur barely misses you. The minotaur blocks your attack.
You bludgeon the minotaur!! You headbutt the minotaur!
The minotaur is heavily wounded.
The minotaur hits you with a +4 vampiric spear!
* * * LOW HITPOINT WARNING * * *
The minotaur gores you but does no damage.
You puncture the minotaur! The minotaur blocks your attack.
The minotaur is severely wounded.
The minotaur hits you with a +4 vampiric spear!!
You die...

.................
#####.###.###.#####
###.###.###.###
#.............#
#.###.###.###.#
#.###.###.###.#
#.............#
#######'#######
#..@..# ###H### ...
≈≈∩≈≈ #≈≈≈≈≈#
#######


You could see a minotaur.

Vanquished Creatures
  Josephine (D:10)
  A rakshasa (D:11)
  2 centaur warriors (D:11)
  2 two-headed ogres
  3 boulder beetles (D:11)
  A sixfirhy (Gauntlet)
  A death drake (Gauntlet)
  An orc knight (D:11)
  Pikel (D:6)
  A wolf spider zombie (Gauntlet)
  A deep elf pyromancer (D:12)
  4 ugly things (D:11)
  2 cyclopes
  A manticore (D:11)
  A spectral centaur (Gauntlet)
  An ice statue (Gauntlet)
  A gargoyle (D:11)
  An unseen horror (D:11)
  A komodo dragon (D:12)
  A rime drake (Gauntlet)
  2 kobold demonologists (D:11)
  A tengu conjurer (D:11)
  A redback zombie (Gauntlet)
  2 trolls
  A meliai (shapeshifter) (D:8)
  A hornet (D:9)
  2 slime creatures (D:8)
  2 shadows
  A wyvern (D:7)
  25 yaks
  8 wraiths
  Eustachio (D:6)
  A steam dragon (D:6)
  2 wargs
  An acid dragon (D:11)
  Duvessa (D:7)
  A water moccasin (D:7)
  2 black bears (D:7)
  5 orc warriors
  An ice beast (D:7)
  2 ogres
  4 lemures (D:6)
  8 centaurs
  2 phantoms
  5 kobold brigands
  Blork the orc (D:6)
  9 bullfrogs
  A scorpion (D:6)
  A gnoll sergeant (D:6)
  10 wights
  Dowan (D:7)
  2 killer bees
  3 howler monkeys (D:9)
  5 jellies
  A lava snake (D:8)
  15 orc priests
  4 hounds
  Ijyb (D:5)
  3 iguanas
  Natasha (thrice) (D:2)
  10 orc wizards
  Robin (D:3)
  4 gnolls (D:6)
  5 adders
  2 shadow imps
  2 white imps
  3 ufetubi (Gauntlet)
  3 worms
  2 dart slugs
  47 orcs
  11 endoplasms
  A giant cockroach (D:1)
  10 goblins
  11 hobgoblins
  5 quokkas
  6 ball pythons
  5 bats
  4 frilled lizards
  17 kobolds
  7 rats
326 creatures vanquished.

Vanquished Creatures (others)
  A rime drake (Gauntlet)
  An orc wizard (D:11)
2 creatures vanquished.

Grand Total: 328 creatures vanquished

Notes
Turn   | Place    | Note
-------+----------+-------------------------------------------
     0 | D:1      | Cheops the Minotaur Fighter began the quest for the Orb.
     0 | D:1      | Reached XP level 1. HP: 19/19 MP: 0/0
   223 | D:1      | Found a faded altar of an unknown god.
   225 | D:1      | Reached skill level 3 in Maces & Flails
   305 | D:1      | Reached XP level 2. HP: 26/26 MP: 1/1
  1082 | D:2      | Reached skill level 4 in Maces & Flails
  1341 | D:2      | Noticed Natasha
  1351 | D:2      | Killed Natasha
  1352 | D:2      | Reached XP level 3. HP: 23/31 MP: 2/2
  1490 | D:2      | Noticed Natasha
  1496 | D:2      | Reached skill level 5 in Maces & Flails
  1507 | D:2      | HP: 1/31 [cerulean imp/+2 spear[Natasha] (3)]
  1508 | D:2      | Killed Natasha
  1509 | D:2      | Reached XP level 4. HP: 1/39 MP: 3/3
  1689 | D:2      | Noticed Natasha
  1697 | D:2      | Killed Natasha
  2289 | D:3      | You fall into a shaft and drop 2 floors!
  2289 | D:5      | Entered Level 5 of the Dungeon
  2321 | D:5      | Reached skill level 6 in Maces & Flails
  2359 | D:5      | Reached XP level 5. HP: 32/45 MP: 4/4
  2412 | D:5      | Reached skill level 7 in Maces & Flails
  2552 | D:5      | Noticed Ijyb
  2561 | D:5      | Killed Ijyb
  2562 | D:5      | Reached XP level 6. HP: 37/51 MP: 5/5
  2700 | D:4      | Found a bloodstained altar of Trog.
  2700 | D:4      | Found an iron altar of Okawaru.
  2763 | D:3      | Found an opulent altar of Gozag.
  2839 | D:3      | Found a glowing golden altar of the Shining One.
  3240 | D:3      | Noticed Robin
  3245 | D:3      | Killed Robin
  3266 | D:3      | Reached skill level 8 in Maces & Flails
  3598 | D:4      | Found Uxoewia's Overcharged Wands.
  3602 | D:4      | Reached skill level 9 in Maces & Flails
  3730 | D:4      | Reached XP level 7. HP: 51/57 MP: 6/6
  3852 | D:4      | Found a shimmering blue altar of Sif Muna.
  3998 | D:4      | Found a hazy altar of Hepliaklqana.
  4066 | D:4      | Found a hazy altar of Hepliaklqana.
  4137 | D:4      | Found Uxoewia's Overcharged Wands.
  4165 | D:4      | Found a shimmering blue altar of Sif Muna.
  4490 | D:4      | Found a bloodstained altar of Trog.
  4490 | D:4      | Found an iron altar of Okawaru.
  4622 | D:5      | Found Gomae's General Store.
  4665 | D:5      | Bought a scroll of identify for 28 gold pieces
  4759 | D:5      | Reached skill level 10 in Maces & Flails
  5155 | D:5      | Found a broken altar of Ashenzari.
  5264 | D:5      | Found a hide-covered altar of Uskayaw.
  5305 | D:5      | Found a blossoming altar of Fedhas.
  5306 | D:5      | Found a stormy altar of Qazlal.
  5307 | D:5      | Found a snail-covered altar of Cheibriados.
  5308 | D:5      | Found a shadowy altar of Dithmenos.
  5696 | D:6      | Found Eheladyi's Distillery.
  5701 | D:6      | Bought a potion of curing for 42 gold pieces
  5701 | D:6      | Bought a potion of heal wounds for 70 gold pieces
  5800 | D:6      | Reached skill level 11 in Maces & Flails
  5838 | D:6      | Noticed Eustachio
  5856 | D:6      | Killed Eustachio
  5857 | D:6      | Reached XP level 8. HP: 64/64 MP: 7/7
  5890 | D:6      | Found a white marble altar of Elyvilon.
  6022 | D:6      | Reached skill level 12 in Maces & Flails
  6167 | D:6      | Noticed Pikel
  6186 | D:6      | Killed Pikel
  6187 | D:6      | Reached skill level 13 in Maces & Flails
  6301 | D:6      | Found a staircase to the Ecumenical Temple.
  6397 | D:6      | Noticed Blork the orc
  6412 | D:6      | Killed Blork the orc
  6413 | D:6      | Reached skill level 14 in Maces & Flails
  6413 | D:6      | Reached XP level 9. HP: 62/70 MP: 8/8
  6885 | D:5      | Became a worshipper of Qazlal Stormbringer
  7037 | D:7      | Reached skill level 5 in Armour
  7075 | D:7      | Found Ylenod's Antique Armour Boutique.
  7272 | D:7      | Noticed Dowan
  7274 | D:7      | Found a sparkling altar of Nemelex Xobeh.
  7274 | D:7      | Noticed Duvessa
  7286 | D:7      | Killed Dowan
  7288 | D:7      | Killed Duvessa
  7509 | D:7      | Found a runed translucent gate.
  7512 | D:7      | Found a runed translucent gate.
  7513 | D:7      | Found a runed translucent gate.
  7514 | D:7      | Found an opulent altar of Gozag.
  7515 | D:7      | Noticed GilGalad's ghost (novice DrVM)
  7621 | D:7      | Reached skill level 5 in Fighting
  8208 | D:8      | Noticed a troll
  8432 | D:8      | Killed a troll
  8597 | D:8      | Reached * piety under Qazlal
  8598 | D:8      | Reached XP level 10. HP: 59/88 MP: 9/9
  8993 | D:8      | Reached skill level 10 in Fighting
  9559 | D:8      | Noticed a guardian serpent
  9771 | D:6      | Bought a potion of flight for 42 gold pieces
  9877 | D:8      | Noticed a salamander
  9893 | D:8      | a salamander changed into a meliai
  9894 | D:8      | Reached ** piety under Qazlal
  9895 | D:8      | Reached skill level 1 in Invocations
 10088 | D:8      | Reached skill level 5 in Invocations
 10590 | D:9      | Reached XP level 11. HP: 87/101 MP: 14/14
 10605 | D:9      | Found Tenkocan's Weapon Emporium.
 10742 | D:9      | Found a staircase to the Orcish Mines.
 11298 | D:10     | Entered Level 10 of the Dungeon
 11372 | D:9      | Reached *** piety under Qazlal
 11555 | D:10     | Found an ancient bone altar of Kikubaaqudgha.
 11615 | D:10     | Found Muedim's General Store.
 11622 | D:10     | Bought a scroll of teleportation for 42 gold pieces
 11622 | D:10     | Bought a +0 cloak of preservation for 161 gold pieces
 11622 | D:10     | Bought a scroll of identify for 28 gold pieces
 11635 | D:10     | Noticed Josephine
 11641 | D:10     | Killed Josephine
 11712 | D:10     | Reached skill level 15 in Maces & Flails
 12364 | D:10     | Identified a scroll of acquirement
 12365 | D:10     | Acquired 841 gold pieces
 12387 | D:11     | Found a staircase to the Lair.
 12443 | D:11     | Reached skill level 16 in Maces & Flails
 12669 | D:11     | Noticed a boulder beetle
 12682 | D:11     | Killed a boulder beetle
 12755 | D:11     | Noticed a two-headed ogre
 12761 | D:11     | Killed a two-headed ogre
 12820 | D:11     | Reached skill level 1 in Evocations
 12946 | D:11     | Noticed a brown ugly thing
 12947 | D:11     | Noticed a white ugly thing
 12961 | D:11     | Killed a brown ugly thing
 12963 | D:11     | Noticed a boulder beetle
 12977 | D:11     | Killed a brown ugly thing
 12978 | D:11     | Reached XP level 12. HP: 57/108 MP: 7/17
 13004 | D:11     | Killed a boulder beetle
 13024 | D:11     | Reached skill level 5 in Evocations
 13238 | D:11     | Noticed a six-headed hydra
 13239 | D:11     | Noticed a two-headed ogre
 13249 | D:11     | Found a runed translucent door.
 13249 | D:11     | Found a runed translucent door.
 13251 | D:11     | Found a runed translucent door.
 13252 | D:11     | Noticed a centaur warrior
 13258 | D:11     | Noticed a boulder beetle
 13261 | D:11     | Noticed a rakshasa
 13264 | D:11     | Killed a centaur warrior
 13280 | D:11     | Killed a rakshasa
 13281 | D:11     | Identified the +7 lajatang of Division {antimagic, Will+
                  | Dex+3}
 13281 | D:11     | Noticed a centaur warrior
 13324 | D:11     | Killed a centaur warrior
 13619 | D:11     | Killed a boulder beetle
 13815 | D:11     | Identified the staff of cold "Hadimmyi" {rC+ Int+3}
 13817 | D:11     | Identified the +1 short sword "Gufykhel" {heavy, Str+9}
 14209 | D:12     | Noticed a two-headed ogre
 14218 | D:12     | Killed a two-headed ogre
 14226 | D:12     | Found a gate leading to a gauntlet.
 14283 | Gauntlet | Entered a Gauntlet
 14283 | Gauntlet | Found a transporter.
 14338 | Gauntlet | Found a transporter.
 14340 | Gauntlet | Found a transporter.
 14351 | Gauntlet | Found a transporter.
 14351 | Gauntlet | Found the dreamshard necklace {*Dream Drain}
 14354 | Gauntlet | Found a transporter.
 14366 | Gauntlet | Found a transporter.
 14381 | Gauntlet | Found a transporter.
 14392 | Gauntlet | Found a transporter.
 14404 | Gauntlet | Found a transporter.
 14409 | Gauntlet | Found a transporter.
 14409 | Gauntlet | Found a transporter.
 14437 | Gauntlet | Found a transporter.
 14437 | Gauntlet | Found a transporter.
 14489 | Gauntlet | Found a transporter.
 14809 | Gauntlet | Reached skill level 10 in Invocations
 14979 | Gauntlet | Identified the ring "Otzoikhuh" {rPois rC- rN+ Int+2}
 14979 | Gauntlet | Noticed a minotaur
 15007 | Gauntlet | HP: 3/108 [minotaur/+4 vampiric spear (7)]
 15008 | Gauntlet | Demolished by a minotaur

Illustrated notes

Levels and vault maps discovered:
D:1:      wheals_arrival_linesprint, layout_loops_ring,
          shapermc_ecumenical_altar_ellora, grunt_decor_one_mirror
D:2:      layout_basic, uniq_natasha
D:3:      minmay_chambers_of_threes, layout_loops_cross,
          mainiacjoe_overflow_catwalk, mainiacjoe_overflow_tiny_flanked,
          uniq_robin
D:4:      layout_rooms, grunt_temple_overflow_bloody_war, led_sif_book,
          mainiacjoe_overflow_alcove_4, nicolae_shop_overcharged_wands
D:5:      layout_basic, overflow_temple_1_default, mainiacjoe_overflow_alcove_3,
          cheibrodos_ashenzari_chains, serial_shops, shop, uniq_ijyb
D:6:      layout_loops_ring, mainiacjoe_overflow_six_doors_small,
          minmay_temple_entry_trees, serial_shops, nicolae_square_shop,
          dreamdust_princess_bridge, uniq_blork_the_orc, uniq_eustachio,
          uniq_pikel
D:7:      layout_loops_ring, lemuel_doored_altar, ebering_ghost_gozag,
          serial_shops, nicolae_shop_peninsula, minmay_increasing_density,
          uniq_duvessa
D:8:      cheibrodos_fertilizer, layout_loops_ring, kennysheep_island_fort
D:9:      layout_long_grid, orc_david_3, hangedman_decor_riveting,
          nrook_loot_triangle
D:10:     layout_grid_maze, kiku_gazebo_garden_becter, serial_shops, shop,
          uniq_josephine
D:11:     minmay_the_grid_triangle_9x9_recursive_3_mashed
          [minmay_the_grid_triangle_9x9_fully_insulated_deathbox,
          minmay_the_grid_triangle_9x9_from_above,
          minmay_the_grid_triangle_9x9_skeleton,
          minmay_the_grid_triangle_9x9_prize_insulated,
          minmay_the_grid_triangle_9x9_checkered,
          minmay_the_grid_triangle_9x9_impossible_snake,
          minmay_the_grid_triangle_9x9_longest,
          minmay_the_grid_triangle_9x9_intruding_spiral,
          minmay_the_grid_triangle_9x9_odd_lines], layout_cave_pools,
          erik_lair_orcish_takeover, amethyst_killhole, minmay_holes
D:12:     layout_big_octagon, gauntlet_entry_generic
Gauntlet: minmay_gauntlet_77_tree [minmay_gauntlet_arena_77_museum,
          minmay_gauntlet_arena_77_mirror, minmay_gauntlet_arena_77_checkered,
          minmay_gauntlet_arena_77_box, minmay_gauntlet_arena_77_chump_sandwich,
          minmay_gauntlet_arena_77_broken_ladder, minmay_gauntlet_arena_77_mess,
          gauntlet_exit_watery]

Skill      XL: |  1  2  3  4  5  6  7  8  9 10 11 12 |
---------------+-------------------------------------+-----
Maces & Flails | 3 4 5 6 7 9 11 14 16 | 16.0
Armour         | 4 8 |  8.2
Fighting       | 7 10 | 10.9
Invocations    | 6 8 10 | 10.2
Evocations     | 4 9 |  9.0
Shields        | |  3.6

Action                     |  1- 3 |  4- 6 |  7- 9 | 10-12 || total
---------------------------+-------+-------+-------+-------++-------
  Melee: Flail             |    75 |   163 |   333 |   226 ||   797
         Headbutt          |     5 |    21 |    54 |   176 ||   256
         Morningstar       |       |       |       |   485 ||   485
 Invoke: Upheaval          |       |       |       |     6 ||     6
  Evoke: Wand              |       |       |       |     4 ||     4
    Use: Scroll            |       |       |     3 |     7 ||    10
         Potion            |       |       |       |     9 ||     9
 Armour: Scale mail        |    35 |    56 |    10 |       ||   101
         Ring mail         |       |       |    61 |       ||    61
         Chain mail        |       |       |       |    80 ||    80
         Plate armour      |       |       |       |   158 ||   158
  Dodge: Dodged            |    27 |    54 |    89 |   128 ||   298
  Block: Buckler           |    15 |    35 |   122 |   377 ||   549
         Reflection        |       |     2 |     2 |    20 ||    24
